 Dungeon Crawl Stone Soup version 0.21.0-24-g2553a33 (webtiles) character file.

4568 Jatast the Spear-Bearer (level 10, -16/73 HPs)
             Began as a Demonspawn Monk on Jan 20, 2018.
             Was an Initiate of Gozag.
             Killed from afar by a fire giant (23 damage)
             ... with a bolt of fire
             ... on level 9 of the Dungeon.
             The game lasted 00:25:50 (11157 turns).

Jatast the Spear-Bearer (Demonspawn Monk)          Turns: 11157, Time: 00:25:51

Health: -16/73     AC: 14    Str: 20    XL:     10   Next: 18%
Magic:  0/10       EV: 13    Int: 12    God:    Gozag
Gold:   911        SH: 11    Dex: 20    Spells: 9/9 levels left

rFire    . . .     SeeInvis .   x - +0 trident
rCold    . . .     Gourm    .   M - +0 buckler
rNeg     . . .     Faith    .   F - +0 plate armour
rPois    .         Spirit   +   B - +0 helmet
rElec    .         Reflect  +   y - +0 cloak
rCorr    .         Harm     .   (gloves unavailable)
MR       .....                  d - +0 pair of boots
Stlth    ..........             r - +6 amulet of reflection
HPRegen  0.22/turn              v - +5 ring of strength
MPRegen  0.24/turn              (no ring)

@: agile, hasted, very quick
A: claws 3, nightstalker 1, magic shield, magic regeneration, sturdy frame 1
a: Potion Petition, Call Merchant, Bribe Branch, Renounce Religion


You were on level 9 of the Dungeon.
You worshipped Gozag.
Gozag was pleased with you.
You were not hungry.

You visited 1 branch of the dungeon, and saw 9 of its levels.

You collected 1689 gold pieces.
You paid 778 gold pieces to Gozag.

Inventory:

Hand Weapons
 x - a +0 trident (weapon)
Armour
 d - a +0 pair of boots (worn)
 y - a +0 cloak (worn)
 B - a +0 helmet (worn)
 F - a +0 plate armour (worn)
 M - a +0 buckler (worn)
Jewellery
 r - a +6 amulet of reflection (around neck)
 v - a +5 ring of strength (left claw)
 L - a cursed -2 ring of intelligence {unknown}
Wands
 f - a wand of flame (54)
 n - a wand of random effects (10)
 t - a wand of digging (25)
 G - a wand of iceblast (2)
 H - a wand of clouds (4)
 J - a wand of polymorph (17)
 N - a wand of acid (5)
Scrolls
 b - a scroll of immolation
 e - a scroll of fear {unknown}
 g - 2 scrolls of amnesia {unknown}
 i - 3 scrolls of magic mapping {unknown}
 k - 10 scrolls of remove curse
 m - a scroll of enchant armour {unknown}
 w - 2 scrolls of teleportation
 C - a scroll of enchant weapon
 D - 4 scrolls of identify
 E - a scroll of blinking {unknown}
 Q - a scroll of torment {unknown}
Potions
 a - 3 potions of might
 h - a potion of brilliance {unknown}
 j - 2 potions of haste {unknown}
 l - a potion of berserk rage
 p - 2 potions of magic
 q - a potion of resistance {unknown}
 s - a potion of mutation {unknown}
 z - a potion of agility {unknown}
 A - a potion of ambrosia {unknown}
 I - a potion of invisibility {unknown}
 K - a potion of curing {unknown}
Books
 o - a book of Misfortune

   Spells                             Type                      Level
   a - Confusing Touch                Hexes                        1
   b - Confuse                        Hexes                        3
   c - Gell's Gravitas                Translocation                3
   d - Petrify                        Transmutation/Earth          4
   e - Metabolic Englaciation         Hexes/Ice                    5
   f - Yara's Violent Unravelling     Hexes/Transmutation          5
 u - a book of Changes

   Spells                             Type                      Level
   a - Beastly Appendage              Transmutation                1
   b - Sticks to Snakes               Transmutation                2
   c - Spider Form                    Transmutation/Poison         3
   d - Ice Form                       Ice/Transmutation            4
   e - Blade Hands                    Transmutation                5
 P - a book of Frost

   Spells                             Type                      Level
   a - Freeze                         Ice                          1
   b - Throw Frost                    Conjuration/Ice              2
   c - Ozocubu's Armour               Charms/Ice                   3
   d - Throw Icicle                   Conjuration/Ice              4
   e - Summon Ice Beast               Ice/Summoning                4
Comestibles
 c - 8 rations


   Skills:
 + Level 4.6 Fighting
 + Level 12.4 Polearms
 + Level 3.0 Armour
 - Level 2.6 Dodging
 - Level 1.7 Stealth
 + Level 3.0 Shields


You had 9 spell levels left.
You didn't know any spells.

Dungeon Overview and Level Annotations

Branches:
Dungeon (9/15)             Temple (0/1) D:6
   Lair: D:8-11         Orc: D:9-12

Altars:
Ashenzari
Gozag
Hepliaklqana
Makhleb
Nemelex Xobeh
Sif Muna
Trog
Uskayaw
Vehumet
Wu Jian
Zin


Innate Abilities, Weirdness & Mutations

You have claws for hands.
You are slightly more attuned to the shadows.
When hurt, damage is shared between your health and your magic reserves.
You regenerate magic rapidly.
Your movements are slightly less encumbered by armour. (ER -2)


Message History

You catch the helpless fire giant completely off-guard!
You hit the fire giant but do no damage.
The fire giant is severely wounded.
The fire giant seems less confused.
The fire giant is engulfed in noxious fumes.
The fire giant points at you and mumbles some strange words.
The bolt of fire hits you!
* * * LOW HITPOINT WARNING * * *
Okay, then. [a] - 322 gold - haste and agility [b] - 870 gold - haste, brilliance, flight, agility and invisibility [c] - 390 gold - flight, agility and invisibility Purchase which effect?
You feel yourself speed up.
You feel agile all of a sudden.
The fire giant is engulfed in noxious fumes.
The fire giant gestures at you while chanting.
The bolt of fire hits you!
You die...
Your body crumbles into a pile of gold.

......#.........<......#.......#.
.....#..................#.....##.
....#.............#...........##.
.......)...........##............
..............................##.
..............................##.
................8..#####.......#.
..................P# #.......##
................@C§# #........#
................§§§# #.........
.................§§#####..8......
..............#####§....#####....
..............# ##.....# #....
..............#.$..8....# #....
..............#./##.....# #.>..
..............#####.....#####....
......#..........................


You could see a fire giant.

Vanquished Creatures
  Maurice (D:9)
  2 trolls
  A vampire (D:7)
  A human (D:8)
  4 orc warriors
  4 ice beasts
  3 sky beasts
  A necrophage (D:8)
  6 ogres
  A centaur (D:7)
  Blork the orc (D:6)
  A big kobold (D:9)
  2 gnoll sergeants (D:9)
  2 bullfrogs
  2 scorpions
  9 killer bees (D:7)
  2 crimson imps (D:7)
  2 hounds
  4 jellies
  3 orc wizards
  2 bullfrog skeletons
  7 worker ants
  2 iguanas
  A killer bee zombie (D:7)
  2 hound skeletons
  7 gnolls
  10 adders
  An ooze (D:2)
  2 adder zombies
  4 worms
  2 dart slugs
  7 leopard geckos
  18 orcs
  A ball python (D:3)
  3 giant cockroaches
  8 goblins
  7 hobgoblins
  5 jackals (D:4)
  6 quokkas
  7 bats
  4 frilled lizards
  A jackal skeleton (D:4)
  9 kobolds
  A leopard gecko skeleton (D:5)
  2 quokka skeletons
  17 rats
188 creatures vanquished.

Notes
Turn   | Place    | Note
-------+----------+-------------------------------------------
     0 | D:1      | Jatast the Demonspawn Monk began the quest for the Orb.
     0 | D:1      | Reached XP level 1. HP: 18/18 MP: 1/1
   169 | D:1      | Reached skill level 3 in Polearms
   289 | D:1      | Gained mutation: When hurt, damage is shared between your health and your magic reserves. [demonic ancestry]
   289 | D:1      | Reached XP level 2. HP: 24/24 MP: 2/2
   574 | D:1      | Gained mutation: You are slightly more attuned to the shadows. [demonic ancestry]
   574 | D:1      | Reached XP level 3. HP: 29/29 MP: 3/3
   838 | D:2      | Reached skill level 4 in Polearms
   884 | D:2      | Found an opulent altar of Gozag.
   904 | D:2      | Became a worshipper of Gozag Ym Sagoz the Greedy
  1260 | D:2      | Reached XP level 4. HP: 33/35 MP: 4/4
  2054 | D:3      | Reached skill level 5 in Polearms
  2784 | D:3      | Found a sparkling altar of Nemelex Xobeh.
  2830 | D:3      | Gained mutation: You have sharp fingernails. [demonic ancestry]
  2830 | D:3      | Reached XP level 5. HP: 41/41 MP: 5/5
  3238 | D:4      | Found a burning altar of Makhleb.
  3242 | D:4      | Found a glowing silver altar of Zin.
  3242 | D:4      | Noticed a green death
  3242 | D:4      | Noticed an angel
  3735 | D:4      | Noticed an ice beast
  3891 | D:4      | Reached skill level 6 in Polearms
  4257 | D:4      | Gained mutation: You have very sharp fingernails. [demonic ancestry]
  4257 | D:4      | Reached XP level 6. HP: 47/47 MP: 6/6
  4507 | D:4      | Killed an ice beast
  4656 | D:4      | Reached skill level 7 in Polearms
  4896 | D:5      | Entered Level 5 of the Dungeon
  4947 | D:5      | Noticed an ice beast
  5087 | D:5      | Noticed a sky beast
  5102 | D:5      | Killed a sky beast
  5102 | D:5      | Gained mutation: You regenerate magic rapidly. [demonic ancestry]
  5102 | D:5      | Reached XP level 7. HP: 37/52 MP: 3/7
  5567 | D:5      | Reached skill level 8 in Polearms
  6221 | D:6      | Found a staircase to the Ecumenical Temple.
  6224 | D:6      | Found a hazy altar of Hepliaklqana.
  6233 | D:6      | Found a radiant altar of Vehumet.
  6597 | D:6      | Reached skill level 9 in Polearms
  6597 | D:6      | Gained mutation: Your movements are slightly less encumbered by armour. (ER -2) [demonic ancestry]
  6597 | D:6      | Reached XP level 8. HP: 58/58 MP: 8/8
  6619 | D:6      | Noticed Blork the orc
  6629 | D:6      | Killed Blork the orc
  6838 | D:7      | Found a deep blue altar of Sif Muna.
  6984 | D:7      | Found an ornate altar of the Wu Jian Council.
  7076 | D:7      | Reached skill level 10 in Polearms
  8008 | D:7      | Reached skill level 11 in Polearms
  8008 | D:7      | Gained mutation: You have claws for hands. [demonic ancestry]
  8008 | D:7      | Reached XP level 9. HP: 63/63 MP: 7/9
  8917 | D:8      | Found a hide-covered altar of Uskayaw.
  9119 | D:8      | Noticed a troll
  9153 | D:8      | Killed a troll
  9153 | D:8      | Reached skill level 12 in Polearms
  9773 | D:9      | Found a shattered altar of Ashenzari.
  9777 | D:9      | Noticed Maurice
  9790 | D:9      | Killed Maurice
  9790 | D:9      | Reached skill level 1 in Armour
  9790 | D:9      | Reached skill level 1 in Shields
 10326 | D:9      | Noticed a troll
 10482 | D:9      | Reached XP level 10. HP: 58/71 MP: 10/10
 10915 | D:9      | Noticed a moth of wrath
 10935 | D:9      | Found a bloodstained altar of Trog.
 11138 | D:9      | Noticed a fire giant
 11157 | D:9      | Killed from afar by a fire giant

Skill      XL: |  1  2  3  4  5  6  7  8  9 10 |
---------------+-------------------------------+-----
Polearms       | 3 4 5 6 7 9 11 12 | 12.4
Armour         | 2 3 |  3.0
Shields        | 2 3 |  3.0
Fighting       | 4 |  4.6
Dodging        | |  2.6
Stealth        | |  1.7

Action                   |  1- 3 |  4- 6 |  7- 9 | 10-12 || total
-------------------------+-------+-------+-------+-------++-------
Melee: Spear             |   137 |   403 |    56 |       ||   596
       Trident           |       |       |   446 |   106 ||   552
Throw: Throwing net      |       |       |     1 |     2 ||     3
Invok: Potion Petition   |       |       |     2 |     1 ||     3
Evoke: Wand              |       |    11 |    27 |    10 ||    48
  Use: Scroll            |       |     6 |     2 |       ||     8
       Potion            |       |       |     3 |       ||     3
 Stab: Sleeping          |     8 |    12 |     4 |       ||    24
       Distracted        |       |     1 |     4 |       ||     5
       Paralysed         |       |     2 |     4 |       ||     6
       Confused          |       |       |     2 |     3 ||     5
  Eat: Chunk             |     1 |       |       |       ||     1
       Ration            |       |     4 |     5 |     1 ||    10
Armor: Ring mail         |    27 |    66 |    20 |       ||   113
       Robe              |     1 |       |       |       ||     1
       Skin              |       |       |    38 |       ||    38
       Scale mail        |       |       |    21 |       ||    21
       Plate armour      |       |       |    50 |    19 ||    69
Dodge: Dodged            |    45 |   133 |   104 |    14 ||   296
Block: Other             |       |    46 |    63 |       ||   109
       Reflection        |       |     1 |     3 |       ||     4
       Buckler           |       |       |    22 |    26 ||    48
